[Event "Thursday 25 January Rapid Engine Tour 12+1 Rounds 9 Starts 1600 ST"]
[Site "Infinity Chess"]
[Date "2018.1.25"]
[Round "5"]
[White "ocirema"]
[Black "angriff"]
[Result "1/2-1/2"]
[ECO "A40"]
[WhiteElo "2455"]
[BlackElo "2410"]
[WhiteEngine "stockfish_18012314_x64_modern_CTG"]
[BlackEngine "Stockfish SL FA POPCNT_CTG"]
[EventType "Swiss"]
[WhiteTeam ""]
[BlackTeam ""]
[PlyCount "145"]
[TimeControl "720+1"]

1. d4 c6 2. e4 d5 3. e5 c5 4. Nf3 cxd4 5. Nxd4 Nc6 6. c4 e6 7. Nc3 Bc5 
8. Nxc6 bxc6 9. cxd5 cxd5 10. b4 Be7 11. Rb1 Bd7 12. Be3 a5 13. b5 Rc8 
14. Qg4 Bf8 15. Bd2 Nh6 16. Qf4 Bb4 17. Nd1 g5 18. Qd4 Nf5 19. Qb2 Bxd2+ 
20. Qxd2 Qc7 21. Be2 Qxe5 22. O-O h6 23. Bd3 Qd4 24. Ne3 Nxe3 25. fxe3 Qc3 
26. Qe2 Qe5 27. b6 Ke7 28. b7 Rc3 29. Bb5 Bxb5 30. Qxb5 Rb8 31. Qxa5 Qxe3+ 
32. Kh1 Qc5 33. Qa6 d4 34. a4 d3 35. Rfd1 Qd5 36. Qa7 Rc2 37. Rg1 Qd6 38. a5 Ra2 
39. Rb6 Qd8 40. Rb5 d2 41. Rd1 Qc7 42. Rc5 Qd6 43. h3 Ra1 44. Rxa1 d1=Q+ 
45. Rxd1 Qxd1+ 46. Kh2 Qd6+ 47. Kg1 Qd4+ 48. Kh2 Qd6+ 49. Kg1 Qd1+ 50. Kf2 Qd4+ 
51. Ke2 Qe4+ 52. Kf2 Rxb7 53. Rc7+ Rxc7 54. Qxc7+ Kf6 55. Qc3+ Kg6 56. a6 Qa4 
57. Qd3+ f5 58. Qd6 Qc2+ 59. Ke1 Qe4+ 60. Kf1 f4 61. Kf2 Qe3+ 62. Kf1 f3 
63. gxf3 Qxf3+ 64. Kg1 Qxh3 65. Kf2 Qh4+ 66. Ke2 Qe4+ 67. Kd2 Qg2+ 68. Kc3 Qa2 
69. Qd3+ Kh5 70. Qh3+ Kg6 71. Qd3+ Kh5 72. Qh3+ Kg6 73. Qd3+ 1/2-1/2

[Event "Thursday 25 January Rapid Engine Tour 12+1 Rounds 9 Starts 1600 ST"]
[Site "Infinity Chess"]
[Date "2018.1.25"]
[Round "5"]
[White "Dovahkiin"]
[Black "Wolle"]
[Result "1/2-1/2"]
[ECO ""]
[WhiteElo "2433"]
[BlackElo "2467"]
[WhiteEngine "BrainFish_180113_x64_modern_CTG"]
[BlackEngine "Raubfisch X37a2_CTG"]
[EventType "Swiss"]
[WhiteTeam ""]
[BlackTeam ""]
[PlyCount "121"]
[TimeControl "720+1"]

1. e3 Nf6 2. d3 d5 3. d4 c5 4. Nf3 Nc6 5. c3 Bg4 6. h3 Bxf3 7. Qxf3 e6 
8. Nd2 Be7 9. g3 O-O 10. Bg2 e5 11. dxe5 Nxe5 12. Qf5 Qc7 13. f4 Nc6 14. Bxd5 g6 
15. Qd3 Rad8 16. e4 Rfe8 17. O-O Qd7 18. Qf3 Nxd5 19. exd5 Qxd5 20. Qxd5 Rxd5 
21. Re1 Na5 22. Nf3 Rdd8 23. Kf2 b6 24. Re2 Nc4 25. b3 Nd6 26. Bb2 f5 
27. c4 Ne4+ 28. Kg2 Rd3 29. g4 Red8 30. Be5 a6 31. Rae1 b5 32. Bc7 Ra8 
33. Re3 Rd7 34. Be5 Rad8 35. R3e2 Kf7 36. Ra1 Nd2 37. Rg1 Ne4 38. Rge1 b4 
39. g5 Ke6 40. h4 Rd1 41. Rxd1 Rxd1 42. Re1 Rxe1 43. Nxe1 a5 44. Nd3 Bd6 
45. Bxd6 Kxd6 46. h5 Nc3 47. hxg6 hxg6 48. Kf3 Nxa2 49. Ke3 Nc3 50. Kd2 a4 
51. bxa4 Nxa4 52. Ne5 Nc3 53. Nxg6 Ne4+ 54. Kc2 Ke6 55. Kb2 Kd6 56. Kc2 Ke6 
57. Nf8+ Kf7 58. Nd7 Ke6 59. Nf8+ Kf7 60. Nd7 Ke6 61. Nf8+ 1/2-1/2

[Event "Thursday 25 January Rapid Engine Tour 12+1 Rounds 9 Starts 1600 ST"]
[Site "Infinity Chess"]
[Date "2018.1.25"]
[Round "5"]
[White "SkyPilot"]
[Black "star99"]
[Result "1/2-1/2"]
[ECO "D31"]
[WhiteElo "2476"]
[BlackElo "2423"]
[WhiteEngine "stockfish_x64_bmi2_2018_01_13_CTG"]
[BlackEngine "Cryptic AIL V2"]
[EventType "Swiss"]
[WhiteTeam ""]
[BlackTeam ""]
[PlyCount "154"]
[TimeControl "720+1"]

1. d4 d5 2. c4 e6 3. Nc3 Bb4 4. e3 c5 5. cxd5 exd5 6. dxc5 Nf6 7. Nf3 O-O 
8. Be2 Be6 9. O-O Bxc5 10. b3 Nc6 11. Bb2 Qe7 12. Rc1 Ba3 13. Qc2 Rac8 
14. Bxa3 Qxa3 15. Nb5 Qe7 16. Qb2 Rfe8 17. Nbd4 Ne4 18. Bd3 Bg4 19. h3 Bxf3 
20. Nxf3 g6 21. a3 Red8 22. Rc2 Qf6 23. Qxf6 Nxf6 24. Rfc1 Ne7 25. Nd4 Rxc2 
26. Rxc2 Kf8 27. b4 Rc8 28. Kf1 Ke8 29. g4 Kd7 30. Rxc8 Nxc8 31. f3 Nb6 
32. a4 Ne8 33. Bb5+ Ke7 34. Bxe8 Kxe8 35. a5 Nc4 36. Ke2 Kd7 37. Nb5 a6 
38. Nd4 Ne5 39. Kd2 h5 40. g5 Nc4+ 41. Kd3 Kc7 42. e4 Ne5+ 43. Ke3 Nc4+ 
44. Kf4 Kd6 45. h4 Ne5 46. Ke3 Nc4+ 47. Kf4 Ne5 48. Nc2 Nc6 49. Ke3 dxe4 
50. Kxe4 f5+ 51. gxf6 Ke6 52. Ne3 Nxb4 53. f7 Kxf7 54. Nc4 Ke6 55. Ne5 Nc6 
56. Nxg6 Nxa5 57. Nf4+ Kf7 58. Nxh5 b5 59. Kd4 Nb3+ 60. Kc3 Nc5 61. Kb4 Nd3+ 
62. Kc3 Ne5 63. Nf4 Nc6 64. h5 Kg7 65. Ne6+ Kh6 66. Nf4 a5 67. Ne6 a4 
68. Nf4 b4+ 69. Kb2 a3+ 70. Kb3 Kg5 71. Nd5 Kxh5 72. Nf4+ Kh4 73. Ka2 Kg3 
74. Nd3 Kxf3 75. Nxb4 Nxb4+ 76. Kb3 a2 77. Kb2 a1=Q+ 1/2-1/2

[Event "Thursday 25 January Rapid Engine Tour 12+1 Rounds 9 Starts 1600 ST"]
[Site "Infinity Chess"]
[Date "2018.1.25"]
[Round "5"]
[White "Prometheus"]
[Black "Marsell"]
[Result "1/2-1/2"]
[ECO "A00"]
[WhiteElo "2468"]
[BlackElo "2488"]
[WhiteEngine "Eman 1.67-64bit-IDeA"]
[BlackEngine "asmFishW_2018-01-11_popcnt"]
[EventType "Swiss"]
[WhiteTeam ""]
[BlackTeam ""]
[PlyCount "126"]
[TimeControl "720+1"]

1. e3 e5 2. d4 exd4 3. exd4 d5 4. Nf3 Nc6 5. c4 Bb4+ 6. Nc3 Nf6 7. Be2 O-O 
8. cxd5 Nxd5 9. Bd2 Nf6 10. Be3 Nd5 11. Bd2 Be7 12. O-O Bf6 13. Rc1 Nxd4 
14. Nxd4 Bxd4 15. Nxd5 Qxd5 16. Be3 c5 17. Bf3 Qd8 18. Qd3 g6 19. Rfd1 Bf5 
20. Qd2 Bxe3 21. Qxe3 Qb6 22. Rxc5 Qxb2 23. Qg5 Be6 24. h4 Rab8 25. h5 b6 
26. Rc7 Bxa2 27. h6 Be6 28. Rxa7 b5 29. Qf4 b4 30. Kh2 Rbc8 31. Bd5 Bxd5 
32. Rxd5 Qc1 33. Qxc1 Rxc1 34. Rb5 Rc2 35. f3 Re2 36. Kh3 Ree8 37. Rxb4 Re1 
38. Kh2 Re5 39. Kg3 Rg5+ 40. Rg4 Re5 41. Rc7 Re1 42. Ra4 Rh1 43. Rh4 Re1 
44. Rg4 Rb8 45. Rf4 Rf8 46. Rd4 Re5 47. Kh3 Rh5+ 48. Rh4 Re5 49. Kg3 Re1 
50. Rf4 Re5 51. Rg4 Rfe8 52. Rgc4 Rg5+ 53. Kf4 Rxg2 54. Rc8 Rf8 55. Rxf8+ Kxf8 
56. Rc8+ Ke7 57. Rh8 Kf6 58. Rxh7 g5+ 59. Ke3 Kg6 60. Rg7+ Kf6 61. Ke4 Rh2 
62. f4 gxf4 63. Kxf4 Rxh6 1/2-1/2

[Event "Thursday 25 January Rapid Engine Tour 12+1 Rounds 9 Starts 1600 ST"]
[Site "Infinity Chess"]
[Date "2018.1.25"]
[Round "5"]
[White "Eman"]
[Black "neófito"]
[Result "1/2-1/2"]
[ECO "B91"]
[WhiteElo "2463"]
[BlackElo "2422"]
[WhiteEngine "Eman 1.67a 64-bit POPCNT"]
[BlackEngine "BrainFish_180124_x64_bmi2"]
[EventType "Swiss"]
[WhiteTeam ""]
[BlackTeam ""]
[PlyCount "105"]
[TimeControl "720+1"]

1. e4 c5 2. Nf3 d6 3. d4 cxd4 4. Nxd4 Nf6 5. Nc3 a6 6. g3 e5 7. Nb3 Be7 
8. Bg2 O-O 9. O-O b5 10. Nd5 Nxd5 11. Qxd5 Ra7 12. Be3 Be6 13. Qd2 Ra8 
14. Na5 Qc7 15. f4 Bd7 16. f5 Rc8 17. a3 Be8 18. c4 Nc6 19. cxb5 axb5 
20. Nxc6 Qxc6 21. Rfc1 Qb7 22. Rxc8 Rxc8 23. h4 Rc4 24. b3 Rc7 25. Qd3 Qc8 
26. Bd2 Rc2 27. Kh2 Qc5 28. Rd1 g6 29. Bb4 Qf2 30. Rd2 Rxd2 31. Qxd2 Qxd2 
32. Bxd2 d5 33. fxg6 hxg6 34. exd5 Bxa3 35. g4 Bd6 36. g5 b4 37. Be4 Kf8 
38. Be3 Ke7 39. Kg2 Bb5 40. Kf2 Bd7 41. Ke2 Bg4+ 42. Kd3 Bc8 43. Bb6 Ba6+ 
44. Ke3 Kd7 45. Bf3 Bf1 46. h5 gxh5 47. Bxh5 Be7 48. Kf2 Bh3 49. Ba5 Bxg5 
50. Bxb4 Be7 51. Bxe7 Kxe7 52. d6+ Kxd6 53. Bxf7 1/2-1/2

[Event "Thursday 25 January Rapid Engine Tour 12+1 Rounds 9 Starts 1600 ST"]
[Site "Infinity Chess"]
[Date "2018.1.25"]
[Round "5"]
[White "Ninja_Bp"]
[Black "RonWeasley"]
[Result "1/2-1/2"]
[ECO "A46"]
[WhiteElo "2440"]
[BlackElo "2518"]
[WhiteEngine "Houdini 6_CTG"]
[BlackEngine "BrainFish 130117_CTG"]
[EventType "Swiss"]
[WhiteTeam ""]
[BlackTeam ""]
[PlyCount "184"]
[TimeControl "720+1"]

1. d4 Nf6 2. Nf3 d5 3. c4 e6 4. Nc3 c6 5. e3 Nbd7 6. Bd3 dxc4 7. Bxc4 b5 
8. Bd3 a6 9. e4 c5 10. e5 cxd4 11. Nxb5 axb5 12. exf6 gxf6 13. Nxd4 Qb6 
14. Nf3 Bb4+ 15. Bd2 Bxd2+ 16. Qxd2 Bb7 17. Be2 Rg8 18. Rd1 Qc6 19. Nd4 Qd6 
20. Nxb5 Qxd2+ 21. Rxd2 Ke7 22. Rg1 Rxa2 23. f3 Rb8 24. Nc3 Ra1+ 25. Kf2 Rxg1 
26. Kxg1 Bc6 27. Rc2 f5 28. Kf2 h5 29. g3 Ne5 30. h4 Kf6 31. Ke3 Kg7 32. f4 Ng4+ 
33. Kd4 Ba8 34. Ba6 Nf6 35. Be2 Kg6 36. Rd2 Bh1 37. Rd1 Bc6 38. Rd2 Bh1 
39. Rd1 Bc6 40. Rd2 Bg2 41. Rc2 Be4 42. Rd2 Kh6 43. Ke5 Kg7 44. Kd4 Kh6 
45. Ke5 Kg6 46. Kd4 Kg7 47. Bd1 Kf8 48. Kc4 Ke7 49. b4 Rc8+ 50. Kd4 Rg8 
51. Be2 Rxg3 52. Ra2 Bc6 53. Ra6 Bf3 54. Ra7+ Ke8 55. Bc4 Rg2 56. Ke3 Rg3 
57. Kd4 Rg1 58. Bd3 Rc1 59. Rc7 Rh1 60. Nb5 Rd1 61. Nc3 Re1 62. Ra7 Rc1 
63. Rc7 Rh1 64. Nb5 Nd7 65. Nd6+ Kd8 66. Ra7 f6 67. Nf7+ Ke8 68. Nh6 Rc1 
69. Ra6 Ke7 70. Ng8+ Kf7 71. Nh6+ Kg6 72. Ng8 Kg7 73. Ra7 e5+ 74. Ke3 Kxg8 
75. Rxd7 e4 76. b5 exd3 77. Kxf3 Rb1 78. Rxd3 Rxb5 79. Rd7 Rb3+ 80. Kg2 Rb2+ 
81. Kg3 Rb4 82. Kf3 Rb3+ 83. Kg2 Rb1 84. Rd5 Kf7 85. Rxf5 Rb2+ 86. Kg3 Kg7 
87. Rxh5 Kg6 88. Kg4 Rg2+ 89. Kf3 Kxh5 90. Kxg2 Kxh4 91. Kf3 f5 92. Kf2 Kh5 
1/2-1/2

[Event "Thursday 25 January Rapid Engine Tour 12+1 Rounds 9 Starts 1600 ST"]
[Site "Infinity Chess"]
[Date "2018.1.25"]
[Round "5"]
[White "hafaba"]
[Black "Time_bandit"]
[Result "1/2-1/2"]
[ECO "A00"]
[WhiteElo "2465"]
[BlackElo "2486"]
[WhiteEngine "Stockfish SL FA POPCNT_CTG"]
[BlackEngine "asmfish-popcnt-012018-W"]
[EventType "Swiss"]
[WhiteTeam ""]
[BlackTeam ""]
[PlyCount "132"]
[TimeControl "720+1"]

1. g3 d5 2. Nf3 Nf6 3. Bg2 c6 4. O-O Bf5 5. b3 e6 6. d3 h6 7. Nbd2 Be7 
8. Bb2 O-O 9. Re1 Nbd7 10. e4 Bh7 11. Qe2 a5 12. a4 Nc5 13. Nd4 Na6 
14. exd5 cxd5 15. N2f3 Nb4 16. Rad1 Nd7 17. Nb5 Nc6 18. Rc1 Rc8 19. Red1 Bg6 
20. Ne1 Re8 21. d4 Bf8 22. Rd2 Nf6 23. Nd3 Be4 24. c4 Bxg2 25. Kxg2 Ne4 
26. Rdc2 dxc4 27. bxc4 Nd6 28. Ne5 Nf5 29. Nf3 Nb4 30. Rd2 b6 31. Ne5 Qg5 
32. Rdd1 Red8 33. Na7 Rc7 34. Nb5 Rcc8 35. Bc3 Nc6 36. Bd2 Qf6 37. Nxc6 Rxc6 
38. Bf4 Rd7 39. d5 Rc5 40. Nc3 Rc8 41. dxe6 Rxd1 42. exf7+ Qxf7 43. Nxd1 Re8 
44. Qd3 Bc5 45. Qd5 g5 46. Be3 Nxe3+ 47. Nxe3 Bxe3 48. Qxf7+ Kxf7 49. fxe3 Rxe3 
50. Rb1 Re2+ 51. Kf3 Rxh2 52. Rxb6 Rc2 53. Ra6 Rxc4 54. Rxa5 g4+ 55. Ke3 Kf6 
56. Ra6+ Ke5 57. Kd3 Rc1 58. Rxh6 Rg1 59. a5 Ra1 60. Rh5+ Kf6 61. a6 Ra3+ 
62. Kc4 Kg6 63. Rh4 Rxg3 64. Kb4 Rg2 65. a7 Ra2 66. Rxg4+ Kf6 1/2-1/2

[Event "Thursday 25 January Rapid Engine Tour 12+1 Rounds 9 Starts 1600 ST"]
[Site "Infinity Chess"]
[Date "2018.1.25"]
[Round "4"]
[White "CrapCleaner"]
[Black "ivrdurant"]
[Result "1/2-1/2"]
[ECO "C50"]
[WhiteElo "2436"]
[BlackElo "2379"]
[WhiteEngine "Raubfisch X37b4_CTG"]
[BlackEngine "Raubfisch X37b3._CTG"]
[EventType "Swiss"]
[WhiteTeam ""]
[BlackTeam ""]
[PlyCount "109"]
[TimeControl "720+1"]

1. e4 e5 2. Nf3 Nc6 3. Bc4 Bc5 4. O-O Nf6 5. d3 d6 6. c3 O-O 7. a4 a6 8. Bg5 h6 
9. Bh4 g5 10. Bg3 Ba7 11. Na3 Ne7 12. Re1 Ng6 13. d4 Re8 14. Qb3 Qe7 15. a5 c6 
16. Rad1 Bg4 17. Nc2 d5 18. exd5 cxd5 19. Be2 Bxf3 20. Bxf3 e4 21. Be2 h5 
22. h3 h4 23. Bh2 Nf4 24. Ne3 Bb8 25. Rc1 Qd8 26. c4 Qd6 27. Kh1 Bc7 
28. Ra1 dxc4 29. Bxc4 Qd7 30. Rec1 Bd6 31. Rc2 Rac8 32. g4 Rc6 33. Nf5 Bf8 
34. Bxf4 gxf4 35. Rac1 Rd8 36. Rd1 Rdc8 37. d5 Rc5 38. d6 R8c6 39. Nd4 Rc8 
40. Ne6 Rxc4 41. Nxf8 Qb5 42. Qxb5 axb5 43. Rxc4 bxc4 44. g5 Rd8 45. gxf6 e3 
46. Nd7 Rxd7 47. Kg2 e2 48. Re1 Rxd6 49. Rxe2 Rxf6 50. Kf3 Rf5 51. Rc2 Rb5 
52. Kxf4 c3 53. bxc3 Rxa5 54. Kg4 Rc5 55. f3 1/2-1/2

[Event "Thursday 25 January Rapid Engine Tour 12+1 Rounds 9 Starts 1600 ST"]
[Site "Infinity Chess"]
[Date "2018.1.25"]
[Round "4"]
[White "IronMan"]
[Black "OlivierEvan"]
[Result "1/2-1/2"]
[ECO "A22"]
[WhiteElo "2393"]
[BlackElo "2381"]
[WhiteEngine "Eman 1.58 64-bit BMI2"]
[BlackEngine "Houdini 6"]
[EventType "Swiss"]
[WhiteTeam ""]
[BlackTeam ""]
[PlyCount "80"]
[TimeControl "720+1"]

1. c4 e5 2. Nc3 Nf6 3. Nf3 Nc6 4. g3 d5 5. cxd5 Nxd5 6. Bg2 Nb6 7. O-O Be7 
8. d3 O-O 9. Be3 Be6 10. Rc1 f5 11. b4 f4 12. Bc5 Nxb4 13. Bxe7 Qxe7 
14. Nxe5 Nxa2 15. Nxa2 Bxa2 16. gxf4 Rxf4 17. e3 Rf6 18. Qc2 Qxe5 19. Qxa2+ Kh8 
20. d4 Qe7 21. Bxb7 Rd8 22. Bg2 Rg6 23. Kh1 c6 24. Rc3 Nd5 25. Ra3 a6 
26. Rb3 Rf8 27. Qa3 Qf7 28. Rb7 Qf6 29. Be4 Rh6 30. Ra7 Qd8 31. Rxa6 Nc3 
32. Bg2 Rxh2+ 33. Kxh2 Qh4+ 34. Bh3 Rxf2+ 35. Rxf2 Qxf2+ 36. Bg2 Qh4+ 
37. Kg1 Qe1+ 38. Kh2 Qh4+ 39. Kg1 Qe1+ 40. Kh2 Qh4+ 1/2-1/2

[Event "Thursday 25 January Rapid Engine Tour 12+1 Rounds 9 Starts 1600 ST"]
[Site "Infinity Chess"]
[Date "2018.1.25"]
[Round "4"]
[White "MarioDeMonti"]
[Black "Coco69"]
[Result "1/2-1/2"]
[ECO "C53"]
[WhiteElo "2426"]
[BlackElo "2419"]
[WhiteEngine "stockfish_x64_bmi2_2018_01_13_CTG"]
[BlackEngine "Raubfisch X37b4_CTG"]
[EventType "Swiss"]
[WhiteTeam ""]
[BlackTeam ""]
[PlyCount "51"]
[TimeControl "720+1"]

1. e4 e5 2. Nf3 Nc6 3. Bc4 Bc5 4. c3 Nf6 5. d3 d6 6. O-O a5 7. Re1 h6 
8. Nbd2 O-O 9. h3 Be6 10. a4 Ba7 11. b3 d5 12. exd5 Nxd5 13. Ne4 Re8 14. Bd2 Nf6 
15. Qe2 Qe7 16. Bb5 Bxb3 17. c4 Nxe4 18. Qxe4 Rad8 19. Bxc6 bxc6 20. Qxe5 Qxe5 
21. Nxe5 Bb6 22. Ra3 Bc2 23. Ra2 Bb3 24. Ra3 Bc2 25. Ra2 Bb3 26. Ra3 1/2-1/2

[Event "Thursday 25 January Rapid Engine Tour 12+1 Rounds 9 Starts 1600 ST"]
[Site "Infinity Chess"]
[Date "2018.1.25"]
[Round "4"]
[White "Thinker"]
[Black "KhalidOmar"]
[Result "1/2-1/2"]
[ECO "C55"]
[WhiteElo "2439"]
[BlackElo "2449"]
[WhiteEngine "BrainFish_180124_x64_modern_CTG"]
[BlackEngine "Eman 1.67a 64-bit BMI2"]
[EventType "Swiss"]
[WhiteTeam ""]
[BlackTeam ""]
[PlyCount "149"]
[TimeControl "720+1"]

1. e4 e5 2. Nf3 Nc6 3. Bc4 Nf6 4. d3 Bc5 5. O-O a5 6. c3 d6 7. Re1 O-O 
8. Nbd2 Be6 9. Bb5 Ne7 10. d4 Ba7 11. Nf1 exd4 12. Nxd4 Ng6 13. Ba4 h6 
14. Be3 Bc8 15. Qc2 c6 16. Bb3 Re8 17. f3 Bd7 18. Kh1 Bb8 19. a4 d5 
20. exd5 Nxd5 21. Bf2 Be5 22. g3 Bh3 23. Rad1 Qf6 24. Bxd5 cxd5 25. Qd3 Bd7 
26. b3 Qb6 27. Qc2 Rac8 28. Kg1 Qf6 29. f4 Bd6 30. Rxe8+ Rxe8 31. Ne3 Ne7 
32. Qd3 Bc5 33. Nb5 Bb6 34. Rd2 Bh3 35. Re2 Rd8 36. Nc2 Bf5 37. Qd2 Bxf2+ 
38. Rxf2 Be4 39. Ncd4 Nf5 40. Nxf5 Qxf5 41. Nd4 Qg6 42. Qe3 Qg4 43. Re2 Re8 
44. Kf2 Rd8 45. Ke1 h5 46. Rf2 Qd7 47. Kd1 h4 48. Kc1 Qg4 49. f5 Rd6 
50. Ne2 hxg3 51. Qxg3 Qxg3 52. Nxg3 Rf6 53. Rf4 Kf8 54. Nxe4 dxe4 55. Kc2 e3 
56. Kd3 g5 57. Re4 Rxf5 58. Kxe3 f6 59. Re6 b5 60. axb5 Rxb5 61. Rxf6+ Ke7 
62. Ra6 Rxb3 63. Kd4 Ra3 64. Rg6 Rb3 65. Rxg5 a4 66. Rg2 a3 67. Rg7+ Kd6 
68. Ra7 Kc6 69. h3 Kd6 70. Ra4 Kc6 71. Kc4 Rb8 72. h4 Kc7 73. h5 Rh8 
74. Rxa3 Rxh5 75. Ra6 1/2-1/2

[Event "Thursday 25 January Rapid Engine Tour 12+1 Rounds 9 Starts 1600 ST"]
[Site "Infinity Chess"]
[Date "2018.1.25"]
[Round "4"]
[White "neófito"]
[Black "Satria_Ungu"]
[Result "1-0"]
[ECO "A40"]
[WhiteElo "2408"]
[BlackElo "2370"]
[WhiteEngine "BrainFish_180124_x64_bmi2"]
[BlackEngine "Houdini 6_CTG"]
[EventType "Swiss"]
[WhiteTeam ""]
[BlackTeam ""]
[PlyCount "151"]
[TimeControl "720+1"]

1. d4 c6 2. c4 d5 3. Nf3 Nf6 4. Nc3 e6 5. e3 Bd6 6. Bd3 O-O 7. e4 dxe4 
8. Nxe4 Nxe4 9. Bxe4 f5 10. Bc2 c5 11. dxc5 Bxc5 12. Qxd8 Rxd8 13. Bg5 Re8 
14. Be3 Bxe3 15. fxe3 Bd7 16. O-O-O Bc6 17. Rhe1 Nd7 18. e4 g6 19. b4 Nf6 
20. e5 Ng4 21. Re2 Nh6 22. Ng5 Re7 23. a4 Nf7 24. Nxf7 Kxf7 25. a5 a6 
26. Rd6 Rd7 27. c5 Bb5 28. Re3 Bc6 29. g3 Rxd6 30. cxd6 g5 31. Bb3 Rf8 
32. Kd2 f4 33. gxf4 gxf4 34. Rh3 h5 35. Ke2 Rg8 36. Rxh5 Rg2+ 37. Kf1 f3 
38. Rh4 Re2 39. Rf4+ Ke8 40. Bxe6 Bb5 41. Bc4 Rxe5 42. Bxb5+ Rxb5 43. Kf2 Rd5 
44. Re4+ Kd8 45. Kxf3 Rxd6 46. h4 Kc7 47. Kg4 Kc6 48. h5 Kb5 49. Rf4 Kc6 
50. Kg5 Rd5+ 51. Kg6 Rd1 52. h6 Rg1+ 53. Kh5 Re1 54. h7 Re8 55. Rh4 Rh8 
56. Kg6 Kb5 57. Kg7 Rc8 58. h8=Q Rxh8 59. Kxh8 Kc6 60. b5+ Kxb5 61. Rh5+ Kc6 
62. Kg8 Kd6 63. Kf7 Kc6 64. Ke7 b5 65. Rh6+ Kc5 66. Rxa6 b4 67. Rb6 b3 
68. Rb8 Kc4 69. a6 b2 70. a7 b1=Q 71. Rxb1 Kd5 72. a8=Q+ Kc4 73. Qa4+ Kd3 
74. Rb3+ Kc2 75. Qa2+ Kd1 76. Rb1# 1-0

[Event "Thursday 25 January Rapid Engine Tour 12+1 Rounds 9 Starts 1600 ST"]
[Site "Infinity Chess"]
[Date "2018.1.25"]
[Round "4"]
[White "angriff"]
[Black "star99"]
[Result "1/2-1/2"]
[ECO "D10"]
[WhiteElo "2409"]
[BlackElo "2424"]
[WhiteEngine "Stockfish SL FA POPCNT_CTG"]
[BlackEngine "Cryptic AIL V2"]
[EventType "Swiss"]
[WhiteTeam ""]
[BlackTeam ""]
[PlyCount "85"]
[TimeControl "720+1"]

1. d4 d5 2. c4 c6 3. Nc3 e6 4. e4 dxe4 5. Nxe4 Bb4+ 6. Bd2 Qxd4 7. Bxb4 Qxe4+ 
8. Be2 Na6 9. Ba5 b6 10. Qd6 Bd7 11. Bc3 f6 12. O-O-O O-O-O 13. Qa3 Kb7 
14. Bf3 Qf4+ 15. Rd2 Qc7 16. Ne2 e5 17. Rhd1 Nh6 18. Ng3 Bg4 19. Bxg4 Nxg4 
20. Ne4 Rxd2 21. Rxd2 Rd8 22. c5 Rxd2 23. Bxd2 Nxc5 24. Nxc5+ bxc5 25. Qxc5 f5 
26. Qb4+ Qb6 27. Qe7+ Qc7 28. Qb4+ Qb6 29. Qe7+ Ka6 30. Qa3+ Kb7 31. h3 Nf6 
32. Be3 Qb5 33. Qxa7+ Kc8 34. Qxg7 Qf1+ 35. Kc2 Qe2+ 36. Bd2 Nd5 37. Qg8+ Kb7 
38. Qxh7+ Ka6 39. Qxf5 Nb4+ 40. Kc3 Nd5+ 41. Kc2 Nb4+ 42. Kc3 Nd5+ 43. Kc2 
1/2-1/2

[Event "Thursday 25 January Rapid Engine Tour 12+1 Rounds 9 Starts 1600 ST"]
[Site "Infinity Chess"]
[Date "2018.1.25"]
[Round "4"]
[White "ocirema"]
[Black "Dovahkiin"]
[Result "1/2-1/2"]
[ECO "C11"]
[WhiteElo "2456"]
[BlackElo "2432"]
[WhiteEngine "stockfish_18012314_x64_modern_CTG"]
[BlackEngine "BrainFish_180113_x64_modern_CTG"]
[EventType "Swiss"]
[WhiteTeam ""]
[BlackTeam ""]
[PlyCount "125"]
[TimeControl "720+1"]

1. e4 e6 2. d4 d5 3. Nc3 Nf6 4. e5 Nfd7 5. f4 c5 6. Nf3 Nc6 7. Be3 cxd4 
8. Nxd4 Qb6 9. Qd2 Qxb2 10. Rb1 Qa3 11. Bb5 Nxd4 12. Bxd4 a6 13. Bxd7+ Bxd7 
14. Rb3 Qe7 15. Rxb7 Rc8 16. O-O Qd8 17. Qe3 Rc4 18. Rfb1 Be7 19. f5 Bg5 
20. Qd3 O-O 21. Ne4 Bc8 22. Bb6 Be3+ 23. Qxe3 Qh4 24. Nf6+ gxf6 25. Rc7 exf5 
26. Rxc4 dxc4 27. exf6 Kh8 28. Bc7 Rg8 29. Bg3 Qg4 30. Qf4 c3 31. a3 Be6 
32. Re1 Rd8 33. Qe3 Bd5 34. Qe8+ Rxe8 35. Rxe8+ Qg8 36. Rxg8+ Kxg8 37. Be5 Be4 
38. Bxc3 Bxc2 39. Kf2 h5 40. Ke3 Kh7 41. g3 Be4 42. h3 Kg6 43. Kf4 Bg2 
44. h4 Be4 45. a4 a5 46. Bxa5 Bc6 47. Bd2 Bxa4 48. Ke5 Bc2 49. Ba5 Bd3 
50. Bb6 Bb1 51. Bg1 Bc2 52. Bd4 Bd3 53. Bc3 Be4 54. Kf4 Bb1 55. Ke5 Be4 
56. Kf4 Bb1 57. Bd4 Bc2 58. Be5 Bd1 59. Bd4 Bc2 60. Bb2 Bb1 61. Be5 Bd3 
62. Bd4 Be4 63. Bc3 1/2-1/2

[Event "Thursday 25 January Rapid Engine Tour 12+1 Rounds 9 Starts 1600 ST"]
[Site "Infinity Chess"]
[Date "2018.1.25"]
[Round "4"]
[White "Wolle"]
[Black "SkyPilot"]
[Result "1/2-1/2"]
[ECO "C55"]
[WhiteElo "2467"]
[BlackElo "2476"]
[WhiteEngine "Raubfisch X37a2_CTG"]
[BlackEngine "stockfish_x64_bmi2_2018_01_13_CTG"]
[EventType "Swiss"]
[WhiteTeam ""]
[BlackTeam ""]
[PlyCount "93"]
[TimeControl "720+1"]

1. e4 e5 2. Nf3 Nc6 3. Bc4 Nf6 4. d3 Bc5 5. O-O d6 6. c3 O-O 7. h3 a5 
8. Nbd2 Be6 9. Bb5 h6 10. Re1 Qb8 11. Nf1 Qa7 12. Be3 Bxe3 13. Nxe3 Ne7 
14. a4 Ng6 15. Bc4 Bxc4 16. Nxc4 Qa6 17. g3 Rfe8 18. Ne3 Qc6 19. h4 Nf8 
20. Nh2 N8d7 21. Nhg4 Rad8 22. Nxf6+ Nxf6 23. Rc1 b6 24. b4 d5 25. b5 Qe6 
26. Qc2 c6 27. bxc6 Qxc6 28. f3 Re6 29. c4 dxc4 30. dxc4 Qc5 31. Kg2 Nh5 
32. Nf5 Kh7 33. Red1 Rxd1 34. Rxd1 Rc6 35. Rd7 Qxc4 36. Qxc4 Rxc4 37. Rxf7 Rxa4 
38. g4 Nf4+ 39. Kg3 Kh8 40. Rxg7 Ra2 41. h5 Rg2+ 42. Kh4 a4 43. Ra7 Rh2+ 
44. Kg3 Rg2+ 45. Kh4 Rh2+ 46. Kg3 Rg2+ 47. Kh4 1/2-1/2

[Event "Thursday 25 January Rapid Engine Tour 12+1 Rounds 9 Starts 1600 ST"]
[Site "Infinity Chess"]
[Date "2018.1.25"]
[Round "4"]
[White "Marsell"]
[Black "Ninja_Bp"]
[Result "1/2-1/2"]
[ECO "B90"]
[WhiteElo "2490"]
[BlackElo "2438"]
[WhiteEngine "asmFishW_2018-01-11_popcnt"]
[BlackEngine "Houdini 6_CTG"]
[EventType "Swiss"]
[WhiteTeam ""]
[BlackTeam ""]
[PlyCount "120"]
[TimeControl "720+1"]

1. e4 c5 2. Nf3 d6 3. d4 cxd4 4. Nxd4 Nf6 5. Nc3 a6 6. Be3 e5 7. Nb3 Be6 
8. f3 h5 9. Qd2 Nbd7 10. Nd5 Bxd5 11. exd5 Be7 12. Be2 Rc8 13. c4 O-O 
14. O-O Nh7 15. Na5 Rb8 16. b4 Bg5 17. Bxg5 Qxg5 18. Qxg5 Nxg5 19. f4 exf4 
20. Bxh5 g6 21. Bd1 Ne4 22. Rxf4 Rfe8 23. Rc1 Kg7 24. Nb3 Re5 25. Na5 Ree8 
26. a3 Nef6 27. Rc2 Re3 28. Rf3 Re4 29. Rf1 Re3 30. Rf3 Re1+ 31. Rf1 Re3 
32. Rcf2 b6 33. Nc6 Rf8 34. a4 Ne4 35. Rf3 Rxf3 36. Rxf3 Nd2 37. Rf4 Re8 
38. Kf2 f5 39. Rd4 Ne4+ 40. Kf1 Ne5 41. Nxe5 Rxe5 42. Ke2 Kf6 43. Bc2 Ng3+ 
44. Kf3 Nf1 45. h3 Re3+ 46. Kf2 Rc3 47. Bxf5 gxf5 48. Kxf1 Ke5 49. Rh4 f4 
50. c5 bxc5 51. bxc5 Rxc5 52. Rh5+ Ke4 53. Rh6 Rxd5 54. Ke2 Rd4 55. h4 a5 
56. h5 Rxa4 57. Rxd6 Ra2+ 58. Kf1 Ra1+ 59. Ke2 a4 60. h6 a3 1/2-1/2